DBL
TORONTO BLUE JAYS @ NEW YORK METS
07/03/1997
 
TOP OF THE 1ST
Toronto Blue Jays batting - Pitching for New York Mets : RHP Jason Isringhausen
Pitching: RHP Jason Isringhausen
Batting: RHB Derek Jeter 0-0: Ball
1-0: Foul Ball, location: 2F
1-1: Ground out 5-3 (Groundball, 56, EV 81.9 MPH)
Batting: LHB Will Clark 0-0: Ball
1-0: Called Strike
1-1: Foul Ball, location: 2F
1-2: Ball
2-2: Ball
3-2: Foul Ball, location: 2F
3-2: Base on Balls
Batting: RHB Mark McGwire 0-0: Swinging Strike
0-1: Called Strike
0-2: Foul Ball, location: 2F
0-2: Ball
1-2: Fly out, F8 (Flyball, 89M, EV 90.0 MPH)
Batting: RHB Ellis Burks 0-0: Ball
1-0: Fielders Choice at 2nd, 6-4 (Groundball, 6, EV 82.5 MPH)
Top of the 1st over - 0 runs, 0 hits, 0 errors, 1 left on base; Toronto 0 - New York 0
BOTTOM OF THE 1ST
New York Mets batting - Pitching for Toronto Blue Jays : RHP Melido Perez
Pitching: RHP Melido Perez
Batting: LHB Cliff Floyd 0-0: Called Strike
0-1: Foul Ball, location: 2F
0-2: Ball
1-2: Strikes out swinging
Batting: RHB Magglio Ordonez 0-0: SINGLE (Groundball, 6MD, EV 100.6 MPH)
Batting: RHB Gary Sheffield 0-0: Swinging Strike
0-1: Ball
1-1: Ball
2-1: Foul Ball, location: 2F
2-2: Ball
3-2: Foul Ball, location: 2F
3-2: Foul Ball, location: 2F
3-2: Base on Balls
Magglio Ordonez to second
Batting: RHB Sammy Sosa 0-0: Ball
1-0: Foul Ball, location: 2F
1-1: Foul Ball, location: 2F
1-2: Fly out, F8 (Flyball, 89M, EV 96.3 MPH)
Batting: RHB Phil Nevin 0-0: Foul Ball, location: 2F
0-1: Ball
1-1: Ground out 5-3 (Groundball, 56S, EV 86.9 MPH)
Bottom of the 1st over - 0 runs, 1 hit, 0 errors, 2 left on base; Toronto 0 - New York 0
TOP OF THE 2ND
Toronto Blue Jays batting - Pitching for New York Mets : RHP Jason Isringhausen
Batting: RHB Jay Bell 0-0: Called Strike
0-1: Fly out, F7 (Flyball, 7S, EV 93.1 MPH)
Batting: LHB Lance Johnson 0-0: DOUBLE (Line Drive, 9LD, EV 105.0 MPH)
Batting: RHB Dean Palmer 0-0: Called Strike
0-1: Fly out, F2 (Popup, 3SF, EV 71.3 MPH)
Batting: RHB Dante Bichette 0-0: Called Strike
0-1: Ball
1-1: SINGLE (Groundball, 3D, EV 95.0 MPH)
Lance Johnson to third
Runner from 3rd tries for Home, SAFE, throw by RF to home
Batting: LHB Darrin Fletcher 0-0: Called Strike
0-1: Ground out U3 (Groundball, 3, EV 83.8 MPH)
Top of the 2nd over - 1 run, 2 hits, 0 errors, 1 left on base; Toronto 1 - New York 0
BOTTOM OF THE 2ND
New York Mets batting - Pitching for Toronto Blue Jays : RHP Melido Perez
Batting: RHB Olmedo Saenz 0-0: Called Strike
0-1: Swinging Strike
0-2: Strikes out swinging
Batting: RHB Bret Boone 0-0: Called Strike
0-1: Fly out, F7 (Line Drive, 7, EV 94.4 MPH)
Batting: LHB B.J. Surhoff 0-0: Ground out 1-3 (Groundball, P, EV 92.5 MPH)
Bottom of the 2nd over - 0 runs, 0 hits, 0 errors, 0 left on base; Toronto 1 - New York 0
TOP OF THE 3RD
Toronto Blue Jays batting - Pitching for New York Mets : RHP Jason Isringhausen
Batting: RHB Derek Jeter 0-0: Called Strike
0-1: Fly out, F9 (Flyball, 9S, EV 93.1 MPH)
Batting: LHB Will Clark 0-0: Called Strike
0-1: Swinging Strike
0-2: Ball
1-2: Ball
2-2: Ball
3-2: Fly out, F8 (Flyball, 8LM, EV 79.4 MPH)
Batting: RHB Mark McGwire 0-0: Called Strike
0-1: Ball
1-1: Ball
2-1: Foul Ball, location: 2F
2-2: Ball
3-2: Strikes out looking
Top of the 3rd over - 0 runs, 0 hits, 0 errors, 0 left on base; Toronto 1 - New York 0
BOTTOM OF THE 3RD
New York Mets batting - Pitching for Toronto Blue Jays : RHP Melido Perez
Batting: RHB Cecil Fielder 0-0: Called Strike
0-1: Called Strike
0-2: Strikes out swinging
Batting: LHB Cliff Floyd 0-0: Ball
1-0: Ball
2-0: Ball
3-0: Called Strike
3-1: Ground out U3 (Groundball, 3, EV 85.0 MPH)
Batting: RHB Magglio Ordonez 0-0: Called Strike
0-1: Foul Ball, location: 2F
0-2: Strikes out looking
Bottom of the 3rd over - 0 runs, 0 hits, 0 errors, 0 left on base; Toronto 1 - New York 0
TOP OF THE 4TH
Toronto Blue Jays batting - Pitching for New York Mets : RHP Jason Isringhausen
Batting: RHB Ellis Burks 0-0: Foul Ball, location: 2F
0-1: Foul Ball, location: 2F
0-2: Strikes out swinging
Batting: RHB Jay Bell 0-0: Ball
1-0: Ball
2-0: Fly out, F9 (Flyball, 89M, EV 92.5 MPH)
Batting: LHB Lance Johnson 0-0: Ball
1-0: Ball
2-0: Ball
3-0: Base on Balls
Batting: RHB Dean Palmer 0-0: Swinging Strike
0-1: Ball
1-1: Ball
2-1: Foul Ball, location: 2F
2-2: Ball
3-2: SINGLE (Groundball, 4D, EV 111.9 MPH)
Lance Johnson to second
Lance Johnson to third
Batting: RHB Dante Bichette 0-0: Ball
1-0: Ball
2-0: 3-RUN HOME RUN (Flyball, 78XD, EV 92.5 MPH), Distance : 405 ft
Batting: LHB Darrin Fletcher 0-0: Fly out, F9 (Flyball, 89M, EV 91.3 MPH)
Top of the 4th over - 3 runs, 2 hits, 0 errors, 0 left on base; Toronto 4 - New York 0
BOTTOM OF THE 4TH
New York Mets batting - Pitching for Toronto Blue Jays : RHP Melido Perez
Batting: RHB Gary Sheffield 0-0: Ball
1-0: Ball
2-0: Foul Ball, location: 2F
2-1: Ball
3-1: Foul Ball, location: 2F
3-2: DOUBLE (Line Drive, 78D, EV 111.9 MPH)
Batting: RHB Sammy Sosa 0-0: Ball
Gary Sheffield steals 3rd base
1-0: Ball
2-0: Ball
3-0: Called Strike
3-1: Foul Ball, location: 2F
3-2: Ground out 6-3 (Groundball, 6, EV 103.1 MPH)
Gary Sheffield scores
Batting: RHB Phil Nevin 0-0: Called Strike
0-1: Ball
1-1: Ball
2-1: Called Strike
2-2: Ball
3-2: Foul Ball, location: 2F
3-2: SOLO HOME RUN (Flyball, 7LD, EV 85.6 MPH), Distance : 366 ft
Batting: RHB Olmedo Saenz 0-0: SINGLE (Groundball, 56D, EV 96.3 MPH)
Batting: RHB Bret Boone 0-0: Ball
1-0: Ball
2-0: Called Strike
2-1: Fly out, F8 (Flyball, 8LM, EV 90.6 MPH)
Batting: LHB B.J. Surhoff 0-0: Ball
1-0: SINGLE (Groundball, 34D, EV 96.3 MPH)
Olmedo Saenz to second
Runner from 2nd tries for 3rd, SAFE, no throw by RF
Batting: RHB Cecil Fielder 0-0: Called Strike
0-1: Ball
1-1: Ball
2-1: Foul Ball, location: 2F
2-2: Fly out, F7 (Flyball, 7LDF, EV 101.9 MPH)
Bottom of the 4th over - 2 runs, 4 hits, 0 errors, 2 left on base; Toronto 4 - New York 2
TOP OF THE 5TH
Toronto Blue Jays batting - Pitching for New York Mets : RHP Jason Isringhausen
Batting: RHB Derek Jeter 0-0: SINGLE (Groundball, 4MD, EV 95.0 MPH)
Batting: LHB Will Clark 0-0: Sac Bunt to 3S - play at first, batter OUT! 3-4
Derek Jeter to second
Batting: RHB Mark McGwire 0-0: Called Strike
0-1: Foul Ball, location: 2F
0-2: Foul Ball, location: 2F
0-2: Ground out 4-3 (Groundball, 4S, EV 83.1 MPH)
Derek Jeter to third
Batting: RHB Ellis Burks 0-0: Ball
1-0: Called Strike
1-1: Fly out, F8 (Flyball, 8LM, EV 95.6 MPH)
Top of the 5th over - 0 runs, 1 hit, 0 errors, 1 left on base; Toronto 4 - New York 2
BOTTOM OF THE 5TH
New York Mets batting - Pitching for Toronto Blue Jays : RHP Melido Perez
Batting: LHB Cliff Floyd 0-0: Called Strike
0-1: Ball
1-1: Bunt missed!
1-2: Ground out U3 (Groundball, 34, EV 85.0 MPH)
Batting: RHB Magglio Ordonez 0-0: Ball
1-0: Ball
2-0: Ball
3-0: Called Strike
3-1: SOLO HOME RUN (Line Drive, 7D, EV 108.1 MPH), Distance : 365 ft
Batting: RHB Gary Sheffield 0-0: Ball
1-0: DOUBLE (Line Drive, 89XD, EV 103.1 MPH)
Batting: RHB Sammy Sosa 0-0: Ground out 6-3 (Groundball, 6, EV 86.3 MPH)
Gary Sheffield to third
Batting: RHB Phil Nevin 0-0: Foul Ball, location: 2F
0-1: Fly out, F8 (Flyball, 78S, EV 84.4 MPH)
Bottom of the 5th over - 1 run, 2 hits, 0 errors, 1 left on base; Toronto 4 - New York 3
TOP OF THE 6TH
Toronto Blue Jays batting - Pitching for New York Mets : RHP Jason Isringhausen
Batting: RHB Jay Bell 0-0: Ball
1-0: Called Strike
1-1: Swinging Strike
1-2: Strikes out looking
Batting: LHB Lance Johnson 0-0: Swinging Strike
0-1: Foul Ball, location: 2F
0-2: Fly out, F7 (Line Drive, 7, EV 100.6 MPH)
Batting: RHB Dean Palmer 0-0: Ball
1-0: Foul Ball, location: 2F
1-1: Ball
2-1: Foul Ball, location: 2F
2-2: Ball
3-2: Strikes out looking
Top of the 6th over - 0 runs, 0 hits, 0 errors, 0 left on base; Toronto 4 - New York 3
BOTTOM OF THE 6TH
New York Mets batting - Pitching for Toronto Blue Jays : RHP Melido Perez
Batting: RHB Olmedo Saenz 0-0: Swinging Strike
0-1: Called Strike
0-2: Strikes out swinging
Batting: RHB Bret Boone 0-0: Called Strike
0-1: Called Strike
0-2: Fly out, F4 (Popup, 3DF, EV 69.4 MPH)
Batting: LHB B.J. Surhoff 0-0: Ball
1-0: Ground out 1-3 (Groundball, 13S, EV 61.9 MPH)
Bottom of the 6th over - 0 runs, 0 hits, 0 errors, 0 left on base; Toronto 4 - New York 3
TOP OF THE 7TH
Toronto Blue Jays batting - Pitching for New York Mets : RHP Jason Isringhausen
Batting: RHB Dante Bichette 0-0: Called Strike
0-1: Ball
1-1: Ball
2-1: Foul Ball, location: 2F
2-2: Foul Ball, location: 2F
2-2: Foul Ball, location: 2F
2-2: Strikes out swinging
Batting: LHB Darrin Fletcher 0-0: Ball
1-0: Ball
2-0: Reached on error, E4 (Groundball, 4, EV 87.5 MPH)
Batting: RHB Derek Jeter 0-0: Called Strike
0-1: Ball
1-1: Swinging Strike
1-2: Ball
2-2: Strikes out swinging
Batting: LHB Will Clark 0-0: Swinging Strike
0-1: Ball
1-1: Swinging Strike
1-2: Ball
2-2: Foul Ball, location: 2F
2-2: Ball
3-2: Base on Balls
Darrin Fletcher to second
Batting: RHB Mark McGwire 0-0: Ball
1-0: Ball
2-0: Ball
3-0: Base on Balls
Darrin Fletcher to third
Will Clark to second
Batting: RHB Ellis Burks 0-0: Ball
1-0: Ball
2-0: Fly out, F8 (Flyball, 8LM, EV 95.0 MPH)
Top of the 7th over - 0 runs, 0 hits, 1 error, 3 left on base; Toronto 4 - New York 3
BOTTOM OF THE 7TH
New York Mets batting - Pitching for Toronto Blue Jays : RHP Melido Perez
Batting: RHB Cecil Fielder 0-0: SOLO HOME RUN (Line Drive, 7LD, EV 105.6 MPH), Distance : 356 ft
Batting: LHB Cliff Floyd 0-0: Ground out U3 (Groundball, 3L, EV 86.9 MPH)
Batting: RHB Magglio Ordonez 0-0: Called Strike
0-1: Ground out 5-3 (Groundball, 5, EV 84.4 MPH)
Batting: RHB Gary Sheffield 0-0: Called Strike
0-1: SINGLE (Flyball, 7S, EV 98.1 MPH)
Pitching: RHP Frank Wills
Batting: RHB Sammy Sosa 0-0: Ball
1-0: Ball
2-0: Called Strike
Gary Sheffield steals 2nd base
2-1: Ball
3-1: Called Strike
3-2: Base on Balls
Batting: RHB Phil Nevin 0-0: Called Strike
0-1: Ball
1-1: SINGLE (Flyball, 8LS, EV 83.1 MPH)
Gary Sheffield to third
Sammy Sosa to second
Runner from 3rd tries for Home, SAFE, throw by CF to home
Batting: RHB Olmedo Saenz 0-0: Ground out 4-3 (Groundball, 4, EV 85.0 MPH)
Bottom of the 7th over - 2 runs, 3 hits, 0 errors, 2 left on base; Toronto 4 - New York 5
TOP OF THE 8TH
Toronto Blue Jays batting - Pitching for New York Mets : RHP Jason Isringhausen
Batting: RHB Jay Bell 0-0: Ball
1-0: Called Strike
1-1: Swinging Strike
1-2: Strikes out swinging
Pitching: RHP Todd Jones
Batting: LHB Lance Johnson 0-0: Ball
1-0: Foul Ball, location: 2F
1-1: Ball
2-1: Fly out, F7 (Flyball, 7, EV 91.3 MPH)
Batting: RHB Dean Palmer 0-0: Called Strike
0-1: Ball
1-1: SINGLE (Line Drive, 9S, EV 99.4 MPH)
Batting: RHB Dante Bichette 0-0: Fielders Choice at 2nd, 5-4 (Groundball, 56, EV 78.8 MPH)
Top of the 8th over - 0 runs, 1 hit, 0 errors, 1 left on base; Toronto 4 - New York 5
BOTTOM OF THE 8TH
New York Mets batting - Pitching for Toronto Blue Jays : RHP Frank Wills
Batting: RHB Bret Boone 0-0: Ball
1-0: Ball
2-0: Ground out 5-3 (Groundball, 56S, EV 66.9 MPH)
Batting: LHB B.J. Surhoff 0-0: Foul Ball, location: 2F
0-1: Ball
1-1: Ball
2-1: Foul Ball, location: 2F
2-2: Ball
3-2: Foul Ball, location: 2F
3-2: Foul Ball, location: 2F
3-2: Base on Balls
Batting: RHB Cecil Fielder 0-0: Called Strike
0-1: Called Strike
0-2: Ball
Passed Ball!
B.J. Surhoff to second
1-2: Strikes out swinging
Batting: LHB Cliff Floyd 0-0: Ball
1-0: Ball
2-0: Called Strike
2-1: Foul Ball, location: 2F
2-2: Foul Ball, location: 2F
2-2: Ball
3-2: Base on Balls
Batting: RHB Magglio Ordonez 0-0: TRIPLE (Flyball, 78XD, EV 98.8 MPH)
B.J. Surhoff scores
Cliff Floyd scores
Batting: RHB Gary Sheffield 0-0: Swinging Strike
0-1: Swinging Strike
0-2: Strikes out looking
Bottom of the 8th over - 2 runs, 1 hit, 0 errors, 1 left on base; Toronto 4 - New York 7
TOP OF THE 9TH
Toronto Blue Jays batting - Pitching for New York Mets : RHP Todd Jones
Batting: LHB Darrin Fletcher 0-0: Called Strike
0-1: Ball
1-1: DOUBLE (Line Drive, 89D, EV 101.3 MPH)
Batting: RHB Derek Jeter 0-0: Foul Ball, location: 2F
0-1: Fly out, F5 (Line Drive, 5, EV 71.3 MPH)
Batting: LHB Will Clark 0-0: Swinging Strike
0-1: Foul Ball, location: 2F
0-2: Foul Ball, location: 2F
0-2: Ground out 4-3 (Groundball, 4, EV 104.4 MPH)
Darrin Fletcher to third
Batting: RHB Mark McGwire 0-0: Ball
1-0: Foul Ball, location: 2F
1-1: Ball
2-1: Ball
3-1: Base on Balls
Pitching: RHP Darren Holmes
Batting: RHB Ellis Burks 0-0: Called Strike
0-1: Ball
1-1: Foul Ball, location: 2F
1-2: Fly out, F7 (Flyball, 7LD, EV 98.8 MPH)
Top of the 9th over - 0 runs, 1 hit, 0 errors, 2 left on base; Toronto 4 - New York 7
Wednesday, March 4th, 2026 - OOTP Baseball 20.8 Build 74